FIQ, lawful female dwarven Valkyrie ----- --------- |<..--- ------.......-- ------- --------------- |.....---|.........--..| |.....| --- |.............| --..|....|.---------|..| |.._..| ..I| -+---+--.----+- --.|-.....---- ---- |.....| .I.|-- ..| ..|-.| --|.........|--- ----- ---|--- -@.|..----..---.-..--- ----.|....|..- --...-- |.| --|-.....-.--........--+- -----..|... |.....---- |.| -......--................| ------ |..|... .........---.-- .......-|..--------|--..-- |%%%%| --..... ---...........----- ...{....| |......).[|..- |....| |..... |...|...........--- -.......| |[....?!)?|... ---|--------.. ------...---......- ------....-- -----------...| ------.---...-|.. |..|-...|..---...|.--..|...|....|------ |..|-.........|..--- |..|--.....|-....|........---...-|.((.| |..-...............-.---.-----..-|..........--... -).)-.(..| -----.....{....----...............|...`..... ..-|...(| |..............-- --+--.---------.........- ------ -+-----.........| |.|.(((| --.......- --..------- |.-.(((| -...--- ---- --|.(((| ------ FIQ the Skirmisher Experience level: 5 Strength: 15 Dexterity: 14 Constitution: 20 Intelligence: 12 Wisdom: 9 Charisma: 7 Health: 0(56) Energy: 5(5) Def: 5 Gold: 61 Moves: 2496 Dungeon seed: SZGwi2NTUgrNnRTF Game ID: FIQ_1464781876 Your Inventory: Coins $ - 61 gold pieces Weapons a - a +1 long sword (weapon in hand) b - a +0 dagger Armor e - a blessed +3 small shield (being worn) n - an uncursed +0 pair of gauntlets of dexterity (being worn) Comestibles s - 2 uncursed carrots u - an uncursed slime mold Scrolls p - an uncursed scroll of destroy armor q - an uncursed scroll of teleportation Wands i - a wand of undead turning (0:5) Tools d - an uncursed oil lamp (0:1463) h - an uncursed towel k - an uncursed lock pick t - an uncursed blindfold Spells and supernatural/magical abilities: Name Level Category Fail Memory W - pray for help -- divine ? -- Your skills at the end: Fighting Skills wands [Basic] Weapon Skills dagger [Basic] long sword [Skilled] Spellcasting Skills Final Attributes: You were piously aligned. You were cold resistant. You had infravision. You were stealthy. You are dead. Vanquished creatures: a large mimic a shrieker a straw golem 2 giant ants 2 little dogs 2 kittens a kobold shaman 2 hill orcs a rothe a centipede 2 dwarf zombies 2 iguanas a large kobold a hobgoblin 2 giant rats a yellow mold a garter snake 3 jackals a kobold 6 sewer rats 2 grid bugs 3 lichens 2 kobold zombies 41 creatures vanquished. Voluntary challenges: You used a wielded weapon 63 times, starting on turn 3. You read items or engraved 55 times, starting on turn 1020. You never genocided any monsters. You never polymorphed an object. You never changed form. You used no wishes. You never split a pudding. You wrote Elbereth's name 51 times, starting on turn 1020. You never violated your personal moral code. Dungeon overview: The Dungeons of Doom: levels 1 to 2 Level 1 a long staircase Level 2 stairs to The Gnomish Mines The Gnomish Mines: levels 3 to 5 Level 3 stairs to The Dungeons of Doom Level 4 Level 5 <- You were here many shops, a temple to Tyr, some fountains History has recorded: On T:1 you entered the Dungeons of Doom to retrieve the Amulet of Yendor! On T:51 you reached level 2 of The Dungeons of Doom. On T:285 you reached level 1 of The Gnomish Mines. On T:296 you advanced to experience level 2. On T:374 you reached level 2 of The Gnomish Mines. On T:596 you advanced to experience level 3. On T:1050 you reached level 3 of The Gnomish Mines. On T:1381 you advanced to experience level 4. On T:1962 you advanced to experience level 5. Score breakdown: Gold: 61 ( 6097 points) Experience: 5 levels (11141 points) Exploration: 5 levels ( 9.80%) ( 8485 points) Discoveries: 3 items ( 1.21%) ( 3299 points) Valuables value: (no points given unless you survive) Artifact value: 0 ( 0 points) Variety of kills: 23 monsters ( 6.01%) ( 7351 points) Turncount: 2496 turns ( -328 points) Survival: died (score multiplied by 80%) Total score: 28836 Latest messages: You sold an orcish dagger for 2 gold pieces. You drop 2 darts. You sold 2 darts for 2 gold pieces. This door is locked. That door is closed. (2x) This door is locked. That door is closed. (2x) This door is locked. That door is closed. (2x) "My feet hurt, I've been on them all day!" (2x) "What lousy pay we're getting here!" Wait! There's something there you can't see! You hit it. You hear a nearby zap. The wand hits you! Nht removes a ring and puts on a ring. (2x) You sense a monster nearby! You hear a nearby zap. The bolt of fire hits you! You die... Final status: Farvel FIQ the Valkyrie, killed by a bolt of fire... You died in The Gnomish Mines on dungeon level 5 with 28836 points, and 61 pieces of gold, after 2496 moves. You were level 5 with a maximum of 56 hit points when you died.